 Dungeon Crawl Stone Soup version 0.31-a0-479-g91c9547826 (webtiles) character file.

Game seed: 5437258860458157222

53 Bnni the Digger (level 4, 0/32 HPs)
             Began as a Formicid Earth Elementalist on Aug 7, 2023.
             Slain by a phantom (1 damage)
             ... on level 2 of the Dungeon.
             The game lasted 00:02:34 (1355 turns).

Bnni the Digger (Formicid Earth Elementalist)       Turns: 1355, Time: 00:02:35

Health: 0/32       AC:  7    Str: 13    XL:     4   Next: 10%
Magic:  5/8        EV: 10    Int: 16    God:
Gold:   94         SH:  0    Dex: 14    Spells: 2/8 levels left

rFire   . . .        n - +0 short sword
rCold   . . .        (no shield)
rNeg    . . .        k - +0 ring mail
rPois   .            (helmet unavailable)
rElec   .            (no cloak)
rCorr   .            (no gloves)
SInv    +            d - +1 pair of boots
Will    .....        (no amulet)
Stlth   +            (no ring)
HPRegen 0.25/turn    (no ring)
MPRegen 0.11/turn

%: no passive effects
@: very slightly contaminated
A: permanent stasis, dig shafts and tunnels, antennae 3, four strong arms
a: Dig, Shaft Self


You were on level 2 of the Dungeon.
You visited 1 branch of the dungeon, and saw 2 of its levels.

You collected 94 gold pieces.

Inventory:

Hand Weapons
 n - a +0 short sword (weapon)
Armour
 a - a +0 scale mail
 d - a +1 pair of boots (worn)
 k - a +0 ring mail (worn)
Wands
 m - a wand of light (11)
Scrolls
 c - 5 scrolls of identify {unknown}
 e - a scroll of enchant weapon {unknown}
 f - 2 scrolls of amnesia {unknown}
 h - a scroll of teleportation {unknown}
 i - a scroll of fear {unknown}
Potions
 b - a potion of magic
 g - a potion of heal wounds {unknown}
 j - a potion of mutation {unknown}
 l - a potion of curing {unknown}


   Skills:
 + Level 1.0 Fighting
 + Level 0.1 Armour
 - Level 1.7 Dodging
 - Level 2.4 Stealth
 * Level 2.7 Spellcasting
 * Level 1.0 Conjurations
 * Level 1.9 Transmutations
 * Level 4.2 Earth Magic


You had 2 spell levels left.
You knew the following spells:

 Your Spells              Type           Power      Damage    Failure   Level
a - Sandblast             Erth           30%        2d9       8%          1
b - Passwall              Tmut/Erth      10%        N/A       19%         2
c - Stone Arrow           Conj/Erth      20%        3d8       38%         3

Your spell library contained the following spells:

 Spells                   Type           Power      Damage    Failure   Level
 Sting                    Tmut/Pois      20%        1d4       28%         1
 Mephitic Cloud           Conj/Pois/Air  3%         N/A       73%         3
 Petrify                  Tmut/Erth      12%        N/A       75%         4
 Portal Projectile        Hex/Tloc       4%         N/A       77%         3
 Tukima's Dance           Hex            2%         N/A       77%         3
 Iskenderun's Mystic Bla  Conj/Tloc      3%         2d3       98%         4
 Eringya's Noxious Bog    Tmut/Pois      2%         4d6       100%        6
 Leda's Unmaking          Conj/Erth      5%         9d2       100%        6


Dungeon Overview and Level Annotations

Branches:
Dungeon (2/15)

Altars:


Innate Abilities, Weirdness & Mutations

You cannot be hasted, slowed, berserked, paralysed or teleported.
You can dig through walls and to a lower floor.
You have a pair of large antennae on your head. (SInv)
Your four strong arms can wield two-handed weapons with a shield.


Message History

* * * LOW HITPOINT WARNING * * *
You hit the phantom but do no damage.
The phantom is severely damaged.
The bat hits you but does no damage. The phantom hits you.
* * * LOW HITPOINT WARNING * * *
Unknown command.
Magic courses through your body. The bat hits you but does no damage.
The phantom hits you but does no damage.
Aiming: Sandblast (safe; 8% risk of failure)
Press: ? - help, Q - select action, (/) - cycle Shift-Dir - straight line, f/p - phantom
Aim: a phantom (severely damaged, 75% to hit)
The blast of sand misses the phantom.
The bat hits you.
* * * LOW HITPOINT WARNING * * *
The bat hits you.
* * * LOW HITPOINT WARNING * * *
The phantom hits you but does no damage.
Aiming: Sandblast (safe; 8% risk of failure)
Press: ? - help, Q - select action, (/) - cycle Shift-Dir - straight line, f/p - phantom
Aim: a phantom (severely damaged, 75% to hit)
The blast of sand hits the phantom.
The phantom is severely damaged.
The bat barely misses you. The bat hits you but does no damage.
The bat barely misses you.
The phantom hits you but does no damage. x2
Aiming: Sandblast (safe; 8% risk of failure)
Press: ? - help, Q - select action, (/) - cycle Shift-Dir - straight line, f/p - phantom
Aim: a phantom (severely damaged, 75% to hit)
You miscast Sandblast.
You are very lightly contaminated with residual magic.
Nothing appears to happen.
The bat hits you but does no damage. The phantom hits you.
* * * LOW HITPOINT WARNING * * *
Aiming: Sandblast (safe; 8% risk of failure)
Press: ? - help, Q - select action, (/) - cycle Shift-Dir - straight line, f/p - phantom
Aim: a phantom (severely damaged, 75% to hit)
The blast of sand hits the phantom.
The phantom is almost destroyed.
The bat hits you but does no damage. The phantom hits you.
You die...

####### ########.....#
#..........#.# ##.#.#''#.#...##
##....#.)#......##
#..@########[....# ###
#.†)W..$[#.†.....# #.##
#...'.[$?#.†.....# #..##
#.b.########.....#
#...#####.....#..#.......#
#######......#...#.#''#.#.......
.........###.................####
..........######......#.....##
...........# ####...###.###


You could see a phantom and a bat.

Vanquished Creatures
  2 adders (D:2)
  5 endoplasms (D:1)
  A giant cockroach (D:2)
  3 goblins
  3 hobgoblins (D:1)
  5 jackals
  2 kobolds
  5 ball pythons
  2 bats
  A frilled lizard (D:1)
  3 rats
32 creatures vanquished.

Notes
Turn   | Place    | Note
-------+----------+-------------------------------------------
     0 | D:1      | Bnni the Formicid Earth Elementalist began the quest for
                  | the Orb.
     0 | D:1      | Reached XP level 1. HP: 13/13 MP: 3/3
    76 | D:1      | Reached XP level 2. HP: 6/19 MP: 0/5
   482 | D:1      | Learned a level 2 spell: Passwall
   512 | D:1      | Found a faded altar of an unknown god.
   536 | D:1      | Reached skill level 4 in Earth Magic
   571 | D:1      | Reached XP level 3. HP: 20/25 MP: 3/6
  1008 | D:2      | Reached skill level 1 in Fighting
  1051 | D:2      | Got Qyuxt's Folio of the Contaminated Lithosphere
  1076 | D:2      | Learned a level 3 spell: Stone Arrow
  1093 | D:2      | Reached skill level 1 in Conjurations
  1279 | D:2      | Reached XP level 4. HP: 32/32 MP: 5/8
  1338 | D:2      | Noticed a phantom
  1354 | D:2      | HP: 1/32 [phantom (2)]
  1355 | D:2      | Slain by a phantom

Illustrated notes

Levels and vault maps discovered:
D:1:      dpeg_arrival_prison, layout_basic, nicolae_ecumenical_snake_handling,
          minmay_pentomino_z2
D:2:      layout_rooms, minmay_mini_jars, uniq_natasha

Skill      XL: |  1  2  3 |
---------------+----------+-----
Earth Magic    | 4 |  4.2
Fighting       | 1 |  1.0
Conjurations   | 1 |  1.0
Armour         | |  0.1
Dodging        | |  1.7
Stealth        | |  2.4
Spellcasting   | |  2.7
Transmutations | |  1.9

Action                     |  1- 3 |  4- 6 || total
---------------------------+-------+-------++-------
  Melee: Unarmed           |    11 |     8 ||    19
         Short sword       |       |     3 ||     3
   Cast: Sandblast         |    35 |    15 ||    50
    Use: Potion            |       |     1 ||     1
 Armour: Robe              |     7 |       ||     7
         Ring mail         |     6 |    21 ||    27
  Dodge: Dodged            |    24 |    21 ||    45

Table legend: (Time is in decaauts)
 A = Elapsed time spent in this place.
 B = Non-inter-level travel time spent in this place.
 C = Inter-level travel time spent in this place.
 D = Time resting spent in this place.
 E = Time spent auto-exploring this place.
 F = Levels seen in this place.
 G = Mean time per level.
                   A        B        C        D        E       F      G
               +--------+--------+--------+--------+--------+-----+--------+
         Total |   1378 |   1347 |     31 |    252 |    791 |   2 |  689.0 |
       Dungeon |   1378 |   1347 |     31 |    252 |    791 |   2 |  689.0 |
               +--------+--------+--------+--------+--------+-----+--------+

Top non-repeatable levels by time:
     D:1: 989 daAuts
     D:2: 389 daAuts
